 Dungeon Crawl Stone Soup version 0.27.1-33-g824d729ab1 (webtiles) character file.

Game seed: 6810322279219322464

140130 MisterFreud the Severer (level 17, -4/156 HPs)
             Began as a Hill Orc Abyssal Knight on Dec 29, 2021.
             Was the Champion of Lugonu.
             Killed from afar by Aizul (19 damage)
             ... with a poison arrow
             ... on level 3 of the Snake Pit on Dec 30, 2021.
             The game lasted 00:53:24 (34185 turns).

MisterFreud the Severer (Hill Orc Abyssal Knight)  Turns: 34185, Time: 00:53:25

Health: -4/156     AC: 31    Str: 20    XL:     17   Next: 30%
Magic:  28/28      EV:  7    Int: 12    God:    Lugonu [******]
Gold:   423        SH: 16    Dex: 16    Spells: 16/16 levels left

rFire    . . .     SeeInvis .   N - +4 broad axe (elec)
rCold    . . .     Faith    +   m - +3 kite shield {AC+3}
rNeg     . . .     Spirit   .   c - +2 plate armour "Kazim" {Dex+4}
rPois    .         Reflect  .   U - -1 helmet of Tomorrow {Harm Will+ Regen+}
rElec    .         Harm     +   f - +1 cloak {Stlth+}
rCorr    .         Rampage  +   y - +2 pair of gloves
Will     ++...                  j - +1 pair of boots {rampage}
Stlth    ..........             p - amulet of faith
HPRegen  1.36/turn              G - +4 ring of slaying
MPRegen  0.21/turn              h - +4 ring of slaying

@: lethally poisoned (-4 -> -15), slowed, studying Polearms, very slow
A: no striking features
a: Renounce Religion, Depart the Abyss, Bend Space, Banish, Corrupt, Enter the
Abyss, Brand Weapon With Distortion


You were on level 3 of the Snake Pit.
You worshipped Lugonu.
Lugonu was exalted by your worship.
You visited 4 branches of the dungeon, and saw 26 of its levels.
You visited the Abyss 1 time.
You visited 1 bazaar.
You also visited: Bailey and Gauntlet.

You collected 3922 gold pieces.
You spent 3499 gold pieces at shops.

Inventory:

Hand Weapons
 w - the +8 mace "Dragon's Death" {flame, *Rage rN+ Int+2}
   (You found it on level 4 of the Dungeon)

   It burns those it strikes, dealing additional fire damage.
   Int:       It affects your intelligence (+2).
   rN:        It protects you from negative energy.
   *Rage:     It may make you go berserk in combat.
 N - a +4 broad axe of electrocution (weapon)
Missiles
 l - 29 boomerangs (quivered)
 q - 98 poisoned darts
 u - 2 silver javelins
 B - 12 javelins
 R - 9 atropa-tipped darts
 Z - 2 curare-tipped darts
Armour
 c - the +2 plate armour "Kazim" (worn) {Dex+4}
   (You bought it in a shop on level 7 of the Dungeon)

   Dex:       It affects your dexterity (+4).
 f - a +1 cloak of stealth (worn)
 j - a +1 pair of boots of rampaging (worn)
 m - a +3 kite shield of protection (worn)
 y - a +2 pair of gloves (worn)
 U - the -1 helmet of Tomorrow (worn) {Harm Will+ Regen+}
   (You acquired it on level 6 of the Lair of Beasts)

   Regen:     It increases your rate of health regeneration.
   Harm:      It increases damage dealt and taken.
   Will:      It increases your willpower.
Jewellery
 h - a +4 ring of slaying (right hand)
 p - an amulet of faith (around neck)
 G - a +4 ring of slaying (left hand)
 K - the ring "Hyechuh" {rN+ Str+10 Stlth+}
   (You acquired it on level 7 of the Dungeon)

   [ring of positive energy]

   Str:       It affects your strength (+10).
   rN:        It protects you from negative energy.
   Stlth:     It makes you more stealthy.
Wands
 g - a wand of acid (12)
 t - a wand of polymorph (24)
 D - a wand of flame (42)
 H - a wand of iceblast (22)
 J - a wand of mindburst (8)
 O - a wand of paralysis (18)
Scrolls
 n - 16 scrolls of teleportation
 z - 4 scrolls of blinking
 A - a scroll of silence
 L - 4 scrolls of fog
 Q - a scroll of summoning
 S - a scroll of brand weapon
 T - 13 scrolls of identify
 W - a scroll of fear
 X - 3 scrolls of holy word
Potions
 b - 4 potions of invisibility
 d - 7 potions of might
 e - 2 potions of ambrosia
 i - 9 potions of heal wounds
 k - 4 potions of lignification
 o - 6 potions of curing
 r - 9 potions of haste
 s - 4 potions of magic
 v - a potion of cancellation
 x - 6 potions of brilliance
 C - 7 potions of mutation
 M - 2 potions of attraction
 Y - 3 potions of berserk rage
Miscellaneous
 a - a lightning rod (4/4)
 P - a box of beasts


   Skills:
 - Level 15.0 Fighting
 - Level 18.0 Axes
 - Level 15.0 Armour
 - Level 0.7 Dodging
 * Level 13.4 Shields
 + Level 15.2 Invocations
 - Level 10.0 Evocations


You had 16 spell levels left.
You didn't know any spells.
Your spell library contained the following spells:

 Spells                   Type           Power      Damage    Failure   Level
 Apportation              Tloc           0%         N/A       99%         1
 Beastly Appendage        Tmut           0%         N/A       99%         1
 Sting                    Tmut/Pois      0%         1d3       99%         1
 Passwall                 Tmut/Erth      0%         N/A       100%        2
 Poisonous Vapours        Pois/Air       0%         N/A       100%        2
 Sublimation of Blood     Necr           0%         N/A       100%        2
 Wereblood                Tmut           0%         N/A       100%        2
 Dazzling Flash           Conj/Hex       0%         N/A       100%        3
 Gell's Gravitas          Tloc           0%         N/A       100%        3
 Ignite Poison            Fire/Tmut/Pois 0%         N/A       100%        3
 Inner Flame              Hex/Fire       0%         N/A       100%        3
 Lesser Beckoning         Tloc           0%         N/A       100%        3
 Mephitic Cloud           Conj/Pois/Air  0%         N/A       100%        3
 Spider Form              Tmut/Pois      0%         N/A       100%        3
 Stone Arrow              Conj/Erth      0%         3d7       100%        3
 Swiftness                Air            0%         N/A       100%        3
 Teleport Other           Tloc           0%         N/A       100%        3
 Cause Fear               Hex            0%         N/A       100%        4
 Olgreb's Toxic Radiance  Pois           0%         N/A       100%        4
 Petrify                  Tmut/Erth      0%         N/A       100%        4
 Agony                    Necr           0%         N/A       100%        5
 Alistair's Intoxication  Tmut/Pois      0%         N/A       100%        5
 Bolt of Magma            Conj/Fire/Erth 0%         4d4       100%        5
 Irradiate                Conj/Tmut      0%         3d14      100%        5
 Silence                  Hex/Air        0%         N/A       100%        5
 Invisibility             Hex            0%         N/A       100%        6
 Borgnjor's Revivificati  Necr           0%         N/A       100%        8
 Discord                  Hex            0%         N/A       100%        8
 Necromutation            Tmut/Necr      0%         N/A       100%        8
 Death's Door             Necr           0%         N/A       100%        9
 Shatter                  Erth           0%         3d5*      100%        9


Dungeon Overview and Level Annotations

Branches:
Dungeon (15/15)            Temple (0/1) D:5            Lair (6/6) D:9
  Swamp (0/4) Lair:4        Snake (3/4) Lair:2        Slime (0/5) Lair:6
    Orc (2/2) D:9             Elf (0/3) Orc:2        Vaults (0/5) D:13
 Bailey (visited)         Gauntlet (visited)
 Depths: D:15

Altars:
Cheibriados
Fedhas
Kikubaaqudgha
Nemelex Xobeh
Trog
Uskayaw
Wu Jian
Yredelemnul
The Shining One
Beogh
Jiyva

Shops:
D:7 (=*[   D:14 [   Orc:2 *[(:   Snake:1 [***   Snake:2 *!

Annotations:
D:4 3 runed translucent doors, madmanarnold's ghost, novice FoFi
Lair:3 exclusion: oklob plant
Lair:4 exclusion: ice statue
Lair:5 3 runed translucent doors, Silentstumbler's ghost, journeyman GrEE
Lair:6 4 runed translucent doors, dragonscale333's ghost, journeyman DjFE
Snake:2 2 transporters, PeterMcNeter's ghost, adept GrEE
Snake:3 Aizul
Orc:1 2 transporters, CasbienBarr's ghost, novice DENe
Abyss:1 Frances; Saint Roka


Message History

Lugonu accepts your kill.
You feel extremely sick.
Aizul coils herself and waves her upper body at you.
You fall asleep.
The naga hits you from afar with a +0 halberd!!!
You wake up.
* * * LOW HITPOINT WARNING * * *
Unknown command.
You feel extremely sick.
Things that are here:
a +0 quarterstaff; a +0 robe; a salamander corpse You feel very sick.
Aizul casts a spell at you. The bolt of poison hits you!!
You are more poisoned.
* * * LOW HITPOINT WARNING * * *
The naga spits poison at you. You block the splash of poison.
There is a stone staircase leading up here.
You feel better. Aizul barely misses you. You block the naga's attack.
Press: ? - help, Shift-Dir - straight line, f - Aizul
Aim: Aizul (chance to affect: 15%)
Okay, then.
Unknown command.
Unknown command.
You feel much better. You block Aizul's attack.
Aizul coils herself and waves her upper body at you.
The poison arrow hits you!!
You are poisoned.
* * * LOW HITPOINT WARNING * * *
The naga closely misses you. Aizul casts a spell at you.
The bolt of poison hits you!
You are lethally poisoned!
* * * LOW HITPOINT WARNING * * *
You feel better.
Aizul coils herself and waves her upper body at you.
The poison arrow hits you!
You are poisoned.
You die...

)...................#
....
.##....##....)..##..#
#####(...
..###.####.......#..#
##........ .## ###
#..##......####........#
##
######......##..†.....!#
# ##.........?......N #
#...).............
#.)N.............. #
#@S)).......###### #
#.............# #
#...............# #
#.......#.......... #
########......#....# #
##..........# .
#......... . #...(.. .


You could see Aizul and a naga (curare).

Vanquished Creatures
  Jorgrun (D:14)
  Gastronok (Lair:3)
  Kirke (D:13)
  A nagaraja (Snake:3)
  A minotaur (Gauntlet)
  Snorg (D:11)
  Josephine (D:13)
  Harold (D:6)
  A boulder beetle (D:13)
  9 hydras
  Erolcha (D:11)
  A rakshasa (D:15)
  A vault guard (D:13)
  A catoblepas (Lair:5)
  3 naga warriors
  6 anacondas
  A death knight (D:13)
  2 centaur warriors (D:14)
  3 two-headed ogres
  4 death yaks (Lair:5)
  2 tengu warriors (D:15)
  A naga sharpshooter (Snake:2)
  An orc high priest (Orc:2)
  Sonja (D:12)
  A fire crab (Gauntlet)
  2 skeletal warriors
  2 spectral anacondas (Snake:1)
  A sea snake (Snake:1)
  A salamander mystic (Snake:3)
  3 anaconda zombies (Snake:1)
  A deep elf archer (D:13)
  A naga ritualist (Snake:1)
  Pikel (D:7)
  2 bog bodies (Lair:4)
  2 anaconda skeletons (Snake:1)
  4 deep elf pyromancers
  4 orc knights
  2 lindwurms (Lair:6)
  5 orc sorcerers
  A wolf spider (Lair:6)
  4 wizards
  8 mana vipers
  5 ugly things
  A manticore (D:13)
  4 cyclopes
  A salamander (Snake:1)
  10 elephants
  A guardian serpent (Lair:6)
  33 black mambas
  6 torpor snails
  Maurice (D:9)
  15 cane toads
  Psyche (D:8)
  5 naga magi
  2 unseen horrors
  4 gargoyles
  3 rime drakes
  A kobold demonologist (D:8)
  A yaktaur (D:13)
  4 anaconda simulacra (Snake:1)
  2 freezing wraiths
  An efreet (D:15)
  10 komodo dragons
  5 trolls
  A tengu conjurer (D:15)
  An ice devil (Gauntlet)
  A jumping spider (shapeshifter) (D:15)
  A wolf spider simulacrum (D:15)
  3 tyrant leeches (Lair:6)
  3 polar bears
  9 hornets (Lair:6)
  21 blink frogs
  A raiju (Gauntlet)
  7 slime creatures
  A raiju (shapeshifter) (D:13)
  10 dream sheep
  Sigmund (D:6)
  3 redbacks (Lair:6)
  2 shadows
  7 basilisks
  42 yaks
  21 wyverns
  10 wraiths
  4 hogs (D:13)
  3 fire bats (Gauntlet)
  18 humans (D:13)
  A steam dragon (Gauntlet)
  2 vampire mosquitoes (D:13)
  Grum (D:10)
  7 wargs
  2 swamp worms (Lair:4)
  11 nagas
  22 water moccasins
  2 acid dragons
  3 hell hounds (Gauntlet)
  3 black bears
  30 orc warriors
  9 ice beasts
  7 ogres
  2 necrophages
  6 wolves
  18 centaurs
  A kobold brigand (D:7)
  A lemure (D:7)
  A phantom (D:6)
  12 bullfrogs
  3 scorpions
  A water moccasin skeleton (D:5)
  4 wights (D:8)
  2 vampire bats (D:7)
  4 howler monkeys
  2 electric eels
  A bullfrog zombie (D:10)
  2 centaur zombies
  A gnoll shaman (D:3)
  A lava snake (D:10)
  4 hounds
  A jelly (D:4)
  19 orc priests
  An iguana (D:5)
  Natasha (thrice) (D:3)
  25 orc wizards
  2 howler monkey zombies
  7 adders
  12 gnolls
  A shadow imp (D:6)
  6 white imps
  An ufetubus (D:6)
  6 worms
  4 dart slugs
  69 orcs
  11 ball pythons
  8 bats
  2 bat skeletons (D:7)
  2 bat zombies (D:7)
  4 endoplasms
  6 giant cockroaches
  11 goblins
  8 hobgoblins
  6 quokkas
  A frilled lizard (D:1)
  9 kobolds
  5 rats
  A fungus (D:10)
774 creatures vanquished.

Vanquished Creatures (others)
  An orc warrior (Orc:2)
  29 fungi
  74 plants
104 creatures vanquished.

Grand Total: 878 creatures vanquished

Notes
Turn   | Place    | Note
-------+----------+-------------------------------------------
     0 | Abyss:1  | MisterFreud the Hill Orc Abyssal Knight began the quest for
                  | the Orb.
     0 | Abyss:1  | Reached XP level 1. HP: 19/19 MP: 2/2
    63 | Abyss:1  | Noticed a tentacled starspawn
    64 | D:1      | Escaped the Abyss
   162 | D:1      | Reached skill level 3 in Axes
   287 | D:1      | Reached XP level 2. HP: 25/26 MP: 3/3
   331 | D:1      | Reached skill level 4 in Axes
   500 | D:1      | Reached * piety under Lugonu
   789 | D:1      | Reached XP level 3. HP: 30/31 MP: 4/4
   858 | D:1      | Found a faded altar of an unknown god.
  1431 | D:2      | Reached skill level 5 in Axes
  1823 | D:2      | Reached XP level 4. HP: 39/39 MP: 5/5
  2060 | D:2      | Reached ** piety under Lugonu
  2402 | D:3      | Reached skill level 6 in Axes
  2549 | D:3      | Found a sparkling altar of Nemelex Xobeh.
  2821 | D:3      | Noticed Natasha
  2832 | D:3      | Reached XP level 5. HP: 34/45 MP: 6/6
  2838 | D:3      | Killed Natasha
  2839 | D:3      | Reached skill level 7 in Axes
  2977 | D:3      | Noticed an ogre
  2988 | D:3      | Killed an ogre
  2989 | D:3      | Reached skill level 8 in Axes
  2989 | D:3      | Reached XP level 6. HP: 27/51 MP: 7/7
  3254 | D:3      | Noticed Natasha
  3267 | D:3      | Killed Natasha
  3440 | D:3      | Noticed Natasha
  3446 | D:3      | Killed Natasha
  3524 | D:4      | Found a snail-covered altar of Cheibriados.
  3546 | D:4      | Found a runed translucent gate.
  3547 | D:4      | Found a runed translucent gate.
  3549 | D:4      | Found a runed translucent gate.
  3680 | D:4      | Noticed a necrophage
  3973 | D:4      | Reached skill level 9 in Axes
  4538 | D:4      | Killed a necrophage
  4539 | D:4      | Reached XP level 7. HP: 39/57 MP: 8/8
  4755 | D:4      | Reached skill level 10 in Axes
  4779 | D:4      | Reached *** piety under Lugonu
  4804 | D:4      | Identified the +8 mace "Dragon's Death" {flame, *Rage rN+
                  | Int+2}
  5012 | D:4      | Identified the +6 whip of Sharkskin {vorpal, Dex+3}
  5012 | D:4      | Noticed madmanarnold's ghost (novice FoFi)
  5016 | D:4      | Found a roughly hewn altar of Beogh.
  5047 | D:5      | Entered Level 5 of the Dungeon
  5200 | D:5      | Reached skill level 5 in Fighting
  5299 | D:5      | Reached XP level 8. HP: 70/70 MP: 9/9
  5557 | D:5      | Reached skill level 5 in Armour
  6048 | D:5      | Found a staircase to the Ecumenical Temple.
  6580 | D:6      | Noticed Sigmund
  6585 | D:6      | Killed Sigmund
  6586 | D:6      | Reached skill level 5 in Invocations
  6648 | D:6      | Reached XP level 9. HP: 67/75 MP: 12/14
  6951 | D:6      | Identified 3 scrolls of acquirement
  6951 | D:6      | Acquired the +0 buckler "Tibaf" {rPois}
  7251 | D:7      | Found Udaecumn's Jewellery Shop.
  7254 | D:7      | Noticed Harold
  7255 | D:7      | Reached **** piety under Lugonu
  7256 | D:7      | Reached skill level 1 in Shields
  7266 | D:6      | Killed Harold
  7498 | D:7      | Reached skill level 10 in Invocations
  7517 | D:7      | Found Obeen's Weapon Emporium.
  7685 | D:7      | Found Torrayck's General Store.
  7717 | D:7      | You fall into a shaft and drop 2 floors!
  7717 | D:9      | Found a staircase to the Orcish Mines.
  8063 | D:8      | Noticed Psyche
  8077 | D:8      | Killed Psyche
  8078 | D:8      | Reached XP level 10. HP: 90/90 MP: 17/17
  8902 | D:7      | Reached skill level 10 in Fighting
  8977 | D:7      | Noticed Pikel
  8980 | D:7      | Found a blossoming altar of Fedhas.
  8989 | D:7      | Killed Pikel
  8996 | D:7      | Reached ***** piety under Lugonu
  9239 | D:7      | Found Rurphitsew's Antique Armour Shoppe.
  9242 | D:7      | Bought a pair of ancient gloves for 247 gold pieces
  9242 | D:7      | Identified the +0 pair of gloves "Forget-Me-Not" {-Cast
                  | MP-9 Dex+8} (You bought it in a shop on level 7 of the
                  | Dungeon)
  9414 | D:7      | Found an ancient bone altar of Kikubaaqudgha.
  9513 | D:7      | Found an ornate altar of the Wu Jian Council.
  9520 | D:7      | Found a glowing golden altar of the Shining One.
  9578 | D:7      | Acquired the ring "Hyechuh" {rN+ Str+10 Stlth+}
  9581 | D:7      | Acquired a +0 antimagic broad axe
  9583 | D:7      | Acquired a +1 cloak of stealth
 10152 | D:8      | Noticed a kobold demonologist
 10162 | D:8      | Killed a kobold demonologist
 10182 | D:8      | Noticed a skeletal warrior
 10194 | D:8      | Killed a skeletal warrior
 10802 | D:9      | Reached skill level 1 in Evocations
 11196 | D:9      | Reached XP level 11. HP: 98/99 MP: 18/18
 11204 | D:9      | Reached skill level 10 in Armour
 11335 | D:9      | Found a staircase to the Lair.
 11430 | D:9      | Noticed Maurice
 11447 | D:9      | Killed Maurice
 11714 | D:9      | Found a basalt altar of Yredelemnul.
 11953 | D:9      | Reached skill level 5 in Evocations
 12196 | D:10     | Entered Level 10 of the Dungeon
 12242 | D:10     | Found a hide-covered altar of Uskayaw.
 12430 | D:10     | Noticed Grum
 12449 | D:10     | Killed Grum
 12680 | D:10     | Found a flagged portal.
 12689 | Bailey   | Entered a bailey
 13410 | D:11     | Noticed a death knight
 13441 | Lair:1   | Entered Level 1 of the Lair of Beasts
 13866 | Lair:1   | Reached skill level 11 in Axes
 14025 | Lair:1   | Reached ****** piety under Lugonu
 14499 | Lair:1   | Reached skill level 12 in Axes
 14875 | Lair:2   | Noticed a seven-headed hydra
 14879 | Lair:2   | Killed a seven-headed hydra
 14983 | Lair:2   | Found a staircase to the Snake Pit.
 14989 | Lair:2   | Reached skill level 13 in Axes
 15199 | Lair:2   | Reached XP level 12. HP: 105/106 MP: 19/19
 15212 | Lair:2   | Reached skill level 14 in Axes
 16264 | Lair:3   | Noticed a seven-headed hydra
 16270 | Lair:3   | Noticed Gastronok
 16498 | Lair:3   | Killed Gastronok
 16499 | Lair:3   | Reached skill level 15 in Axes
 16936 | Lair:3   | Reached skill level 16 in Axes
 17146 | Lair:3   | Noticed a six-headed hydra
 17156 | Lair:3   | Killed a six-headed hydra
 17458 | Lair:3   | Killed a seven-headed hydra
 17459 | Lair:3   | Reached skill level 17 in Axes
 18169 | Lair:3   | Reached XP level 13. HP: 95/113 MP: 20/20
 18183 | Lair:3   | Reached skill level 18 in Axes
 19003 | Lair:4   | Acquired a +1 pair of boots of stealth
 19791 | Lair:4   | Found a staircase to the Swamp.
 19952 | Lair:4   | Identified the +4 ring mail of the Unseen Realm {Will+}
 20599 | Lair:5   | Found a runed translucent gate.
 20600 | Lair:5   | Found a runed translucent gate.
 20601 | Lair:5   | Found a runed translucent gate.
 20602 | Lair:5   | Noticed a minotaur
 20816 | Lair:5   | Reached skill level 15 in Fighting
 20877 | Lair:5   | Reached XP level 14. HP: 112/135 MP: 21/21
 21475 | Lair:5   | Noticed Silentstumbler's ghost (journeyman GrEE)
 21793 | Lair:6   | Entered Level 6 of the Lair of Beasts
 22617 | Lair:6   | Acquired 1360 gold pieces
 23301 | Lair:6   | Acquired the -1 helmet of Tomorrow {Harm Will+ Regen+}
 23380 | Lair:6   | Found a runed translucent gate.
 23380 | Lair:6   | Found a runed translucent gate.
 23380 | Lair:6   | Found a runed translucent gate.
 23381 | Lair:6   | Noticed dragonscale333's ghost (journeyman DjFE)
 23394 | Lair:6   | Reached skill level 15 in Invocations
 23463 | Lair:6   | Found a viscous altar of Jiyva.
 23464 | Lair:6   | Found a staircase to the Slime Pits.
 23629 | Lair:6   | Found a runed translucent door.
 23760 | Lair:6   | Paralysed by a hornet for 1 turns
 24956 | D:11     | Reached XP level 15. HP: 119/141 MP: 17/26
 25210 | D:11     | Noticed Sonja
 25212 | D:11     | Noticed Erolcha
 25551 | D:12     | Killed Sonja
 25608 | D:11     | Noticed Snorg
 26357 | D:11     | Killed Erolcha
 26358 | D:11     | Reached skill level 10 in Evocations
 26391 | D:11     | Killed Snorg
 27299 | D:12     | Reached skill level 5 in Shields
 27523 | D:7      | Bought a buzzing plate armour for 728 gold pieces
 27523 | D:7      | Identified the +2 plate armour "Kazim" {Dex+4} (You bought
                  | it in a shop on level 7 of the Dungeon)
 27876 | D:13     | Noticed Josephine
 27884 | D:13     | Killed Josephine
 28212 | D:13     | Noticed Kirke
 28232 | D:13     | Killed Kirke
 28474 | D:13     | Identified the +4 lajatang "Giantbane" {flame, Int+4}
 28749 | D:13     | Found a gate to the Vaults.
 28766 | D:13     | Noticed Frances
 28768 | D:13     | Banished Frances
 28885 | D:14     | Found a gate leading to a gauntlet.
 28912 | Gauntlet | Entered a Gauntlet
 28912 | Gauntlet | Found a transporter.
 28912 | Gauntlet | Found a transporter.
 28912 | Gauntlet | Found a runed translucent door.
 28912 | Gauntlet | Found a runed translucent door.
 28930 | Gauntlet | Found a transporter.
 28942 | Gauntlet | Found a transporter.
 28954 | Gauntlet | Found a transporter.
 28957 | Gauntlet | Found a transporter.
 29005 | Gauntlet | Found a transporter.
 29014 | Gauntlet | Found a transporter.
 29014 | Gauntlet | Found a transporter.
 29029 | Gauntlet | Found a transporter.
 29060 | Gauntlet | Found a transporter.
 29060 | Gauntlet | Found a transporter.
 29064 | Gauntlet | Identified the amulet "Tuusorat" {Reflect rF+ SH+5}
 29304 | D:14     | Found Cheibriados's Comfort Zone.
 29304 | D:14     | Found a snail-covered altar of Cheibriados.
 29342 | D:14     | Reached XP level 16. HP: 139/149 MP: 27/27
 29563 | D:14     | Noticed Jorgrun
 29573 | D:14     | Killed Jorgrun
 29699 | D:14     | Found a glowing golden altar of the Shining One.
 29807 | D:15     | Entered Level 15 of the Dungeon
 30061 | D:15     | Found a sparkling altar of Nemelex Xobeh.
 30628 | Orc:1    | Entered Level 1 of the Orcish Mines
 30639 | Orc:1    | Noticed CasbienBarr's ghost (novice DENe)
 30654 | Orc:1    | Found a transporter.
 30655 | Orc:1    | Found a bloodstained altar of Trog.
 30662 | Orc:1    | Found a transporter.
 30686 | Orc:1    | Reached skill level 10 in Shields
 30931 | Orc:2    | Entered Level 2 of the Orcish Mines
 31320 | Orc:2    | Found a roughly hewn altar of Beogh.
 31377 | Orc:2    | Found Yzxolu Boseo's Antique Weapon Emporium.
 31434 | Orc:2    | Found Made's Book Emporium.
 31510 | Orc:2    | Found a roughly hewn altar of Beogh.
 31534 | Orc:2    | Found a staircase to the Elven Halls.
 31733 | Orc:2    | Found Vafeeniy's General Store.
 31748 | Orc:2    | Found Mimag's Antique Armour Emporium.
 31755 | Orc:2    | Bought a pair of runed boots for 195 gold pieces
 32237 | Snake:1  | Entered Level 1 of the Snake Pit
 32331 | Snake:1  | Found Qibyq's General Store.
 32335 | Snake:1  | Found Kimihaeng's General Store.
 32339 | Snake:1  | Found Qiyz's Antique Armour Shop.
 32339 | Snake:1  | Found Zaty's Assorted Antiques.
 32352 | Snake:1  | Bought a potion of heal wounds for 70 gold pieces
 32352 | Snake:1  | Bought a scroll of teleportation for 42 gold pieces
 32356 | Snake:1  | Bought a scroll of teleportation for 81 gold pieces
 33063 | Snake:2  | Found Zisos's Distillery.
 33070 | Snake:2  | Found Vunecluj's Assorted Antiques.
 33079 | Snake:2  | Found a flickering gateway to a bazaar.
 33079 | Snake:2  | Noticed Saint Roka
 33101 | Bazaar   | Entered a bazaar
 33159 | Bazaar   | Found Tuerrut's Magic Scroll Emporium.
 33162 | Bazaar   | Found Duqo's Antique Weapon Shoppe.
 33165 | Bazaar   | Bought a scroll of fog for 32 gold pieces
 33165 | Bazaar   | Bought a scroll of teleportation for 48 gold pieces
 33165 | Bazaar   | Bought a scroll of teleportation for 48 gold pieces
 33165 | Bazaar   | Bought a scroll of blinking for 120 gold pieces
 33187 | Bazaar   | Found Rauluqae's Distillery.
 33195 | Bazaar   | Bought a potion of curing for 42 gold pieces
 33195 | Bazaar   | Bought a potion of haste for 140 gold pieces
 33195 | Bazaar   | Bought a potion of heal wounds for 70 gold pieces
 33195 | Bazaar   | Bought a potion of berserk rage for 70 gold pieces
 33195 | Bazaar   | Bought a potion of berserk rage for 70 gold pieces
 33195 | Bazaar   | Bought a potion of haste for 140 gold pieces
 33195 | Bazaar   | Bought a potion of haste for 140 gold pieces
 33195 | Bazaar   | Bought a potion of mutation for 112 gold pieces
 33195 | Bazaar   | Bought a potion of mutation for 112 gold pieces
 33195 | Bazaar   | Bought a potion of might for 56 gold pieces
 33195 | Bazaar   | Found Abbev's Jewellery Shoppe.
 33200 | Bazaar   | Found Xekkeug's Antique Armour Shop.
 33218 | Bazaar   | Bought a +4 ring of slaying for 702 gold pieces
 33244 | Snake:2  | Banished Saint Roka
 33245 | Snake:2  | Reached XP level 17. HP: 52/156 MP: 23/28
 33387 | Snake:2  | Bought a potion of heal wounds for 90 gold pieces
 33387 | Snake:2  | Bought 2 potions of might for 144 gold pieces
 33464 | Snake:2  | Found a transporter.
 33486 | Snake:2  | Found a transporter.
 33488 | Snake:2  | Noticed PeterMcNeter's ghost (adept GrEE)
 33500 | Snake:2  | Reached skill level 15 in Armour
 34174 | Snake:3  | Noticed Aizul
 34182 | Snake:3  | HP: 6/156 [Aizul/bolt of poison (21)]
 34184 | Snake:3  | HP: 2/156 [Aizul/bolt of poison (14)]
 34185 | Snake:3  | Killed from afar by Aizul

Illustrated notes

Levels and vault maps discovered:
D:1:      saegor_arrival_simple_c, layout_basic,
          hellmonk_ecumenical_altar_pennies_from_heaven,
          minmay_stone_trees_medium
D:2:      minmay_razor_zed, layout_basic, serial_bayou_crossing
D:3:      layout_basic, mainiacjoe_overflow_cross_hatched, uniq_natasha
D:4:      layout_cave_pools, lemuel_crystal_altar, biasface_ghost_orc_armoury
D:5:      layout_basic, minmay_temple_entry_junction_2, chequers_arboretum,
          grunt_ministairs_13
D:6:      layout_rooms, uniq_sigmund
D:7:      layout_basic, kennysheep_vampire_church, old_standard_altar,
          amethyst_overflow_temple_binary, serial_shops, kennysheep_mini_moat,
          shop, shop, minmay_shop_enchanted_jewellery, columned_hall_lemuel,
          uniq_pikel, uniq_harold
D:8:      layout_basic, small_chamber_with_monster, amethyst_killhole,
          uniq_psyche
D:9:      layout_long_grid, yredelemnul_altar_generic,
          erik_lair_orcish_takeover, orc_0_dummy, kennysheep_cluttered_room,
          grunt_decor_cap, minmay_misc_feat_columns, uniq_maurice
D:10:     layout_loops_cross, nicolae_uskayaw_suspiria, enter_bailey_4,
          water_boxes_lemuel, uniq_grum
D:11:     layout_basic, serial_glass, glass_columns_c, glass_columns_a,
          feat_on_display, uniq_snorg, uniq_erolcha, uniq_sonja
D:12:     layout_grid_maze
D:13:     layout_layer_cave, grunt_vaults_entry_tiered, uniq_kirke,
          uniq_frances, uniq_josephine
D:14:     layout_long_grid, nicolae_tso_carved_into_rock,
          gauntlet_entry_generic, minmay_shop_chei, uniq_jorgrun
D:15:     gammafunk_enter_depths_forms, layout_basic,
          nemelex_xobeh_ov_fountains_minmay
Lair:1:   layout_regular_city, grunt_megastairs_3
Lair:2:   layout_roguey, dummy_snake_entry, lightli_volcano_entry_magma_tube,
          grunt_megastairs_4
Lair:3:   layout_small_grid, minmay_lair_oklob_chamber, lemuel_fruit_fields,
          uniq_gastronok
Lair:4:   layout_cave_pods, nicolae_swamp_entry_splash_gauntlet, ice2_lemuel,
          lemuel_fruit_tree
Lair:5:   layout_regular_city, maelrawn_ghost_gauntlet_escape,
          nicolae_quartered_pool_medium, grunt_megastairs_2
Lair:6:   hangedman_lair_tendril_chambers, layout_hall_layers, wormcave,
          slime_altar_1, serial_rivers, chequers_serial_rivers_micro_a,
          chequers_serial_rivers_micro_d, chequers_serial_rivers_marsh,
          chequers_serial_rivers_micro_d, chequers_serial_rivers_micro_d,
          chequers_serial_rivers_small_a, gammafunk_ghost_necromancy
Snake:1:  layout_grid_maze, nicolae_wooded_promenade, st_stairs_8,
          nicolae_snake_dead_anacondas
Snake:2:  layout_misc_corridors, gammafunk_ghost_berserking_beasts,
          serial_shops, bzr_entry_gold, minmay_shop_star, uniq_saint_roka
Snake:3:  layout_cave_shapes, grunt_megastairs_5, uniq_aizul
Orc:1:    layout_diamond_mine, gammafunk_ghost_wrathful_warriors
Orc:2:    grunt_orc_cross, layout_caves, basic_altar

Skill      XL: |  1  2  3  4  5  6  7  8  9 10 11 12 13 14 15 16 17 |
---------------+----------------------------------------------------+-----
Axes           | 3 4 5 6 8 9 10 13 17 18 | 18.0
Fighting       | 5 6 8 10 15 | 15.0
Armour         | 4 6 9 10 12 14 15 | 15.0
Invocations    | 7 10 15 | 15.2
Shields        | 4 8 12 13 | 13.4
Evocations     | 2 6 8 10 | 10.0
Dodging        | |  0.7

Action                   |  1- 3 |  4- 6 |  7- 9 | 10-12 | 13-15 | 16-18 || total
-------------------------+-------+-------+-------+-------+-------+-------++-------
Melee: Hand axe          |   122 |   211 |    20 |       |       |       ||   353
       Mace              |       |       |   142 |   465 |    37 |       ||   644
       Unarmed           |       |       |     8 |       |       |       ||     8
       Broad axe         |       |       |       |    61 |   730 |   478 ||  1269
Throw: Boomerang         |       |     3 |       |       |       |       ||     3
       Dart              |       |       |       |       |     1 |       ||     1
Invok: Depart the Abyss  |     1 |       |       |       |       |       ||     1
       Banish            |       |       |       |     5 |     3 |     4 ||    12
Evoke: Wand              |       |       |       |     1 |     4 |       ||     5
       Lightning rod     |       |       |       |       |     8 |       ||     8
  Use: Potion            |       |     1 |       |       |     2 |     4 ||     7
       Scroll            |       |       |     9 |    23 |    10 |     4 ||    46
 Stab: Confused          |       |       |     2 |       |       |       ||     2
       Invisible         |       |       |       |       |       |     2 ||     2
Armor: Scale mail        |    57 |    63 |    41 |       |       |       ||   161
       Leather armour    |     1 |       |       |       |       |       ||     1
       Chain mail        |       |       |    52 |   222 |       |       ||   274
       Plate armour      |       |       |       |   101 |   441 |   160 ||   702
Dodge: Dodged            |    62 |    75 |    94 |   233 |   229 |    66 ||   759
Block: Buckler           |       |       |    20 |   118 |   139 |     7 ||   284
       Kite shield       |       |       |       |       |       |   271 ||   271
